 Dungeon Crawl Stone Soup version 0.28-a0-1404-g4df0f3684d (webtiles) character file.

Game seed: 16472066130207408747

111 flotson the Chopper (level 4, -5/34 HPs)
             Began as a Demonspawn Gladiator on Jan 6, 2022.
             Slain by a gnoll (12 damage)
             ... on level 3 of the Dungeon.
             The game lasted 00:02:45 (2338 turns).

flotson the Chopper (Demonspawn Gladiator)          Turns: 2338, Time: 00:02:46

Health: -5/34      AC:  3    Str: 16    XL:     4   Next: 62%
Magic:  4/4        EV:  8    Int: 10    God:
Gold:   84         SH: 11    Dex: 14    Spells: 3/3 levels left

rFire   + . .      SeeInvis .   a - +0 war axe
rCold   + . .      Faith    .   h - +0 tower shield
rNeg    . . .      Spirit   .   b - +0 leather armour
rPois   .          Reflect  .   (helmet restricted)
rElec   .          Harm     .   e - scarf {rC+ rF+}
rCorr   .          Rampage  .   (no gloves)
Will    .....                   (no boots)
Stlth   +.........              g - amulet of the acrobat
HPRegen 0.11/turn               (no ring)
MPRegen 0.09/turn               (no ring)

@: no status effects
A: antennae 1, spiny 2
a: no special abilities


You were on level 3 of the Dungeon.
You visited 1 branch of the dungeon, and saw 3 of its levels.

You collected 84 gold pieces.

Inventory:

Hand Weapons
 a - a +0 war axe (weapon)
Missiles
 c - 32 poisoned darts
 d - 2 throwing nets (quivered)
Armour
 b - a +0 leather armour (worn)
 e - a scarf of resistance (worn)
 h - a +0 tower shield (worn)
Jewellery
 g - an amulet of the acrobat (around neck)
Scrolls
 j - a scroll of acquirement {unknown}
 k - 2 scrolls of teleportation {unknown}
 l - a scroll of magic mapping {unknown}
Potions
 f - a potion of curing {unknown}
 i - a potion of heal wounds {unknown}
 m - 2 potions of attraction {unknown}
 n - a potion of might {unknown}


   Skills:
 + Level 2.6 Fighting
 + Level 3.2 Axes
 + Level 2.3 Throwing
 + Level 1.3 Armour
 + Level 3.2 Dodging
 + Level 1.0 Shields


You had 3 spell levels left.
You didn't know any spells.
Your spell library was empty.

Dungeon Overview and Level Annotations

Branches:
Dungeon (3/15)

Altars:

Shops:
D:1 [


Innate Abilities, Weirdness & Mutations

You have a pair of small antennae on your head.
You are mostly covered in sharp spines.


Message History

The gnoll is lightly wounded.
The gnoll shouts!
The gnoll hits you with a +0 flail!
A gnoll comes into view. It is wielding a +0 halberd.
You are too injured to fight recklessly!
You are too injured to fight recklessly!
You are too injured to fight recklessly!
You are too injured to fight recklessly!
You are too injured to fight recklessly!
You are too injured to fight recklessly!
You are too injured to fight recklessly!
Unknown command.
The gnoll closely misses you.
You see here a +0 whip.
There is an open door here.
There is a stone staircase leading up here.
You climb upwards.
There is a stone staircase leading down here.
You start resting.
HP restored.
You climb downwards.
The gnoll hits you with a +0 flail! x2
There is a stone staircase leading up here.
You barely miss the gnoll. You block the gnoll's attack.
The gnoll is struck by your spines. The gnoll closely misses you.
You block the gnoll's attack.
Unknown command.
You barely miss the gnoll.
The gnoll is heavily wounded.
You barely miss the ball python. You block the ball python's attack.
The gnoll hits you but does no damage.
The gnoll hits you from afar with a +0 halberd!
* * * LOW HITPOINT WARNING * * *
You block the ball python's attack. The gnoll hits you with a +0 flail.
* * * LOW HITPOINT WARNING * * *
You block the gnoll's attack. The ball python bites you.
* * * LOW HITPOINT WARNING * * *
You are too injured to fight recklessly!
Unknown command.
The gnoll hits you with a +0 flail!
You die...

#...##......#+##....
....................
....#..)........†...
... #g........^.....
.. #.......##..##.#
. #...#.#.###.##.#
#####...#.#.# #..#.#
##.##...#g..#.#.#
##.#.#
......g@S.....#.# ..
##.##...#.......#
... +...+.......#
#...#.......#
...............
###############.


You could see 2 gnolls and a ball python.

Vanquished Creatures
  Natasha (D:3)
  2 adders (D:2)
  3 worms (D:2)
  6 dart slugs
  3 ball pythons
  5 endoplasms
  6 hobgoblins
  5 kobolds
  2 quokkas (D:1)
  6 bats
  3 frilled lizards
  2 goblins (D:1)
  5 rats
49 creatures vanquished.

Vanquished Creatures (others)
  5 withered plants (D:1)
5 creatures vanquished.

Grand Total: 54 creatures vanquished

Notes
Turn   | Place    | Note
-------+----------+-------------------------------------------
     0 | D:1      | flotson the Demonspawn Gladiator began the quest for the
                  | Orb.
     0 | D:1      | Reached XP level 1. HP: 16/16 MP: 1/1
   395 | D:1      | Found a faded altar of an unknown god.
   543 | D:1      | Found Oguuzas's Antique Armour Shop.
   554 | D:1      | Gained mutation: You have a pair of small antennae on your
                  | head. [demonic ancestry]
   554 | D:1      | Reached XP level 2. HP: 19/22 MP: 2/2
  1078 | D:1      | HP: 1/22 [quokka (2)]
  1085 | D:1      | Gained mutation: You are partially covered in sharp spines.
                  | [demonic ancestry]
  1085 | D:1      | Reached XP level 3. HP: 2/27 MP: 3/3
  1657 | D:2      | Reached skill level 1 in Armour
  1886 | D:2      | Gained mutation: You are mostly covered in sharp spines.
                  | [demonic ancestry]
  1886 | D:2      | Reached XP level 4. HP: 33/34 MP: 4/4
  2125 | D:3      | Noticed Natasha
  2132 | D:3      | Killed Natasha
  2133 | D:3      | Reached skill level 1 in Shields
  2338 | D:3      | Slain by a gnoll

Illustrated notes

Levels and vault maps discovered:
D:1:      minmay_arrival_glassed_features, layout_basic, serial_shops,
          nicolae_shop_advertising_works [nicolae_subvault_shop_adworks],
          ebering_ecumenical_altar_petrified
D:2:      layout_rooms
D:3:      layout_basic, gammafunk_ghost_gnarly_gnolls, uniq_natasha, uniq_robin

Skill      XL: |  1  2  3  4 |
---------------+-------------+-----
Throwing       | 2 |  2.3
Dodging        | 3 |  3.2
Axes           | 3 |  3.2
Armour         | 1 |  1.3
Shields        | 1 |  1.0
Fighting       | |  2.6

Action                   |  1- 3 |  4- 6 || total
-------------------------+-------+-------++-------
Melee: War axe           |    99 |    19 ||   118
Throw: Throwing net      |     1 |       ||     1
 Stab: Sleeping          |     2 |       ||     2
       Held in net/web   |     1 |       ||     1
Armor: Leather armour    |    28 |     3 ||    31
Dodge: Dodged            |    51 |     9 ||    60
Block: Tower shield      |    54 |    17 ||    71

Table legend: (Time is in decaauts)
 A = Elapsed time spent in this place.
 B = Non-inter-level travel time spent in this place.
 C = Inter-level travel time spent in this place.
 D = Time resting spent in this place.
 E = Time spent auto-exploring this place.
 F = Levels seen in this place.
 G = Mean time per level.
                   A        B        C        D        E       F      G
               +--------+--------+--------+--------+--------+-----+--------+
         Total |   2423 |   2310 |    113 |    550 |   1322 |   3 |  807.7 |
       Dungeon |   2423 |   2310 |    113 |    550 |   1322 |   3 |  807.7 |
               +--------+--------+--------+--------+--------+-----+--------+

Top non-repeatable levels by time:
     D:1: 1551 daAuts
     D:2: 768 daAuts
     D:3: 103 daAuts
